[Event "Titled Tuesday Blitz January 10 Late 2023"]
[White "Al-Tarboush, Ward"]
[Black "Dylag, Emilia"]
[WhiteFideId "7601450"]
[BlackFideId "21805172"]
[WhiteElo "2256"]
[BlackElo "2095"]
[Result "1-0"]
[Round "05"]
[TimeControl "180+2"]
[Date "2023.01.10"]
[WhiteClock "0:02:32"]
[BlackClock "0:01:54"]

1. e4 e5 2. Nf3 Nc6 3. Bb5 a6 4. Ba4 d6 5. O-O Bd7 6. c3 g6 7. d4 Bg7 8. Re1 Nf6 9. Nbd2 O-O 10. Nf1 exd4 11. cxd4 Nb4 12. Bb3 d5 13. e5 Ne4 14. a3 Nc6 15. Bxd5 Bg4 16. Bxc6 bxc6 17. Rxe4 Bf5 18. Re1 1-0


[Site "https://www.chess.com"]

[Event "Titled Tuesday Blitz January 10 Late 2023"]
[White "Skurikhin, Dmitrij"]
[Black "Berezin, Viktor"]
[WhiteFideId "4161297"]
[BlackFideId "14107872"]
[WhiteElo "2297"]
[BlackElo "2307"]
[Result "0-1"]
[Round "05"]
[TimeControl "180+2"]
[Date "2023.01.10"]
[WhiteClock "0:00:12"]
[BlackClock "0:00:45"]

1. d4 Nf6 2. Nf3 g6 3. c4 Bg7 4. Nc3 O-O 5. e4 d6 6. Be2 e5 7. O-O Na6 8. Be3 Qe8 9. dxe5 dxe5 10. Nd2 c6 11. c5 Qe7 12. Nb3 Be6 13. Qc2 Rfd8 14. Rfd1 Ng4 15. Bxg4 Bxg4 16. f3 Be6 17. a3 f5 18. Kh1 f4 19. Bf2 g5 20. Rxd8+ Rxd8 21. Rd1 Rxd1+ 22. Qxd1 h5 23. Na5 Bf8 24. b4 g4 25. Nb1 Qc7 26. Nb3 Qf7 27. N3d2 Be7 28. Qe2 Qg6 29. Nc3 h4 30. Nc4 Qg5 31. Be1 h3 32. gxh3 g3 33. Na5 Bxh3 34. hxg3 fxg3 35. Bd2 Qh4 36. Kg1 Bf1 0-1


[Site "https://www.chess.com"]

[Event "Titled Tuesday Blitz January 10 Late 2023"]
[White "Atanasov, Radislav"]
[Black "Abdulla, Murad"]
[WhiteFideId "2901471"]
[BlackFideId "2403757"]
[WhiteElo "2025"]
[BlackElo "2307"]
[Result "0-1"]
[Round "05"]
[TimeControl "180+2"]
[Date "2023.01.10"]
[WhiteClock "0:00:05"]
[BlackClock "0:00:37"]

1. e4 c5 2. c3 Nf6 3. e5 Nd5 4. d4 cxd4 5. Nf3 Nc6 6. cxd4 d6 7. Bc4 Nb6 8. Bb5 d5 9. a4 a6 10. Bxc6+ bxc6 11. a5 Nc4 12. Qa4 Bd7 13. b3 c5 14. Qa2 Bb5 15. bxc4 Bxc4 16. Qa4+ Bb5 17. Qc2 e6 18. Nc3 Bc4 19. Qa4+ Qd7 20. Qxd7+ Kxd7 21. Ba3 cxd4 22. Nxd4 Rb8 23. Kd2 f6 24. exf6 gxf6 25. Bxf8 Rhxf8 26. Rab1 e5 27. Nf5 Bb3 28. h4 Ke6 29. g4 Rb4 30. f3 Rfb8 31. h5 Bc4 32. Rxb4 Rxb4 33. Rb1 Rxb1 34. Nxb1 d4 35. Na3 Bd5 36. Ke2 Bc6 37. f4 Ba4 38. fxe5 fxe5 39. h6 Kf6 40. Nd6 Kg5 41. Nf7+ Kf6 42. Nd6 Bc6 43. Nac4 e4 0-1


[Site "https://www.chess.com"]

[Event "Titled Tuesday Blitz January 10 Late 2023"]
[White "Kleiman, Jake"]
[Black "Antonio, Jorge Carlos"]
[WhiteFideId "2020041"]
[BlackFideId "113190"]
[WhiteElo "2399"]
[BlackElo "2277"]
[Result "1-0"]
[Round "05"]
[TimeControl "180+2"]
[Date "2023.01.10"]
[WhiteClock "0:01:48"]
[BlackClock "0:01:45"]

1. Nf3 d5 2. g3 Nf6 3. Bg2 Bf5 4. O-O e6 5. d3 Be7 6. Nbd2 c6 7. Qe1 h6 8. e4 dxe4 9. dxe4 Bg6 10. Qe2 Qb6 11. Ne5 Bh7 12. Ndc4 Qc7 13. Nd3 O-O 14. Bf4 Qc8 15. Nd6 Bxd6 16. Bxd6 Rd8 17. Be7 Rd7 18. Bxf6 gxf6 19. Qg4+ Bg6 20. f4 h5 21. Qh4 f5 22. e5 Rxd3 23. cxd3 Qd8 24. Qxd8+ 1-0


[Site "https://www.chess.com"]

[Event "Titled Tuesday Blitz January 10 Late 2023"]
[White "Martynov, Pavel"]
[Black "Clawitter, Craig"]
[WhiteFideId "4101260"]
[BlackFideId "2023105"]
[WhiteElo "2414"]
[BlackElo "2050"]
[Result "1-0"]
[Round "05"]
[TimeControl "180+2"]
[Date "2023.01.10"]
[WhiteClock "0:00:18"]
[BlackClock "0:00:06"]

1. e4 e6 2. d4 d5 3. Nc3 Bb4 4. Bd3 dxe4 5. Bxe4 Nf6 6. Bf3 c5 7. Ne2 Nc6 8. a3 Ba5 9. dxc5 Qxd1+ 10. Kxd1 Ne5 11. Bf4 Nxf3 12. gxf3 Nd5 13. Nxd5 exd5 14. b4 Bd8 15. Be5 f6 16. Bd4 Kf7 17. Nf4 Be6 18. Re1 Re8 19. Kd2 Bc7 20. Nxe6 Rxe6 21. Rxe6 Kxe6 22. Re1+ Kf7 23. h3 Re8 24. Rxe8 Kxe8 25. c4 dxc4 26. Kc3 Kd7 27. Kxc4 Ke6 28. b5 Kf5 29. Be3 Ke5 30. a4 Ba5 31. b6 axb6 32. Kb5 Kd5 33. cxb6 Bc3 34. a5 g5 35. a6 bxa6+ 36. Kxa6 Kc6 37. b7 Be5 38. Ba7 Kd5 39. b8=Q Bxb8 40. Bxb8 Kc4 41. f4 Kd3 42. fxg5 fxg5 43. Bg3 Ke4 44. h4 h6 45. hxg5 hxg5 46. Kb5 g4 47. Kc4 Kf3 48. Kd3 Kg2 49. Ke4 Kh3 50. Kf4 Kg2 51. Kxg4 Kh1 52. f4 1-0


[Site "https://www.chess.com"]

[Event "Titled Tuesday Blitz January 10 Late 2023"]
[White "Rodrigues, Leonardo De Miranda"]
[Black "Danielyan, Vahe"]
[WhiteFideId "2108658"]
[BlackFideId "13304828"]
[WhiteElo "2112"]
[BlackElo "2346"]
[Result "0-1"]
[Round "05"]
[TimeControl "180+2"]
[Date "2023.01.10"]
[WhiteClock "0:00:42"]
[BlackClock "0:01:42"]

1. e4 Nf6 2. Nc3 d6 3. d4 e5 4. dxe5 dxe5 5. Qxd8+ Kxd8 6. Bg5 Be6 7. O-O-O+ Nd7 8. Nf3 Bd6 9. Nb5 Ke7 10. h3 a6 11. Nc3 h6 12. Bh4 g5 13. Bg3 Nh5 14. Bh2 Rhd8 15. Be2 Nf4 16. Bxf4 gxf4 17. Nh4 Nf6 18. Nd5+ Nxd5 19. exd5 Bd7 20. Bg4 Rg8 21. Bf5 Rg5 22. Bxd7 Kxd7 23. Rhe1 f5 24. a3 e4 25. c4 Rag8 26. b4 Rh5 27. c5 Be5 28. Nf3 exf3 29. Rxe5 fxg2 30. Rg1 Rxh3 31. Kd2 Rh1 32. Ree1 Rxg1 33. Rxg1 h5 34. Ke2 h4 35. Kf3 h3 36. a4 h2 37. Rxg2 h1=Q 38. Kxf4 Qxg2 39. c6+ Kd6 40. f3 Qg5# 0-1


[Site "https://www.chess.com"]

[Event "Titled Tuesday Blitz January 10 Late 2023"]
[White "Novikova, Galina"]
[Black "Kobalia, Mikhail"]
[WhiteFideId "4157095"]
[BlackFideId "4119150"]
[WhiteElo "2073"]
[BlackElo "2578"]
[Result "0-1"]
[Round "05"]
[TimeControl "180+2"]
[Date "2023.01.10"]
[WhiteClock "0:00:19"]
[BlackClock "0:01:25"]

1. e4 c5 2. Nf3 d6 3. d4 cxd4 4. Nxd4 Nf6 5. Nc3 Nc6 6. h3 e6 7. g4 Be7 8. Bg2 O-O 9. O-O Nxd4 10. Qxd4 e5 11. Qd3 Be6 12. Be3 a6 13. Rad1 Rc8 14. Ne2 Qa5 15. Nc3 Bc4 16. Qd2 Bxf1 17. Rxf1 Qb4 18. Qc1 h6 19. a3 Qa5 20. Nd5 Nxd5 21. exd5 Qd8 22. Be4 Bg5 23. Kg2 Bxe3 24. fxe3 Qh4 25. Qd1 g6 26. Qf3 Kg7 27. Kh2 b5 28. c3 a5 29. Qe2 Rb8 30. Bd3 b4 31. axb4 axb4 32. c4 Ra8 33. Be4 f5 34. Bf3 fxg4 35. Bxg4 Rxf1 36. Qxf1 Rf8 37. Qa1 Rf2+ 38. Kh1 Qg3 39. Qa7+ Rf7 40. Qb8 Rf1# 0-1


[Site "https://www.chess.com"]

[Event "Titled Tuesday Blitz January 10 Late 2023"]
[White "Yashmetov, Mikhail"]
[Black "Barria Zuniga, Daniel"]
[WhiteFideId "24198900"]
[BlackFideId "3400816"]
[WhiteElo "2323"]
[BlackElo "2341"]
[Result "1-0"]
[Round "05"]
[TimeControl "180+2"]
[Date "2023.01.10"]
[WhiteClock "0:00:09"]
[BlackClock "0:00:08"]

1. d4 Nf6 2. c4 e6 3. g3 d5 4. Bg2 Be7 5. Nf3 O-O 6. O-O dxc4 7. Ne5 Qd6 8. Nxc4 Qa6 9. Qc2 Rd8 10. Rd1 c5 11. Be3 Nc6 12. Bxc6 Qxc6 13. dxc5 Rxd1+ 14. Qxd1 b6 15. Nd6 Nd5 16. Nxc8 Rxc8 17. Qb3 bxc5 18. Bd2 c4 19. Qc2 h5 20. h4 Qb6 21. Nc3 Bf6 22. a3 Rb8 23. Rb1 Qb3 24. Qxb3 Rxb3 25. Nxd5 exd5 26. Be3 Bxb2 27. Rd1 c3 28. Rxd5 c2 29. Rc5 Bc3 30. Kg2 a5 31. Rc6 a4 32. Rc8+ Kh7 33. Bf4 Kg6 34. Rc6+ Kf5 35. Rc5+ Ke4 36. Rc8 Kd5 37. f3 f6 38. e4+ Ke6 39. Rc6+ Kd7 40. Rc7+ Kd8 41. Rc4 Rb2 42. Kh3 Be5 43. Rc5 Bxf4 44. gxf4 Kd7 45. Kg3 Kd6 46. Rc3 Rb3 47. Rxc2 Rxa3 48. Rc8 Rb3 49. Ra8 a3 50. Ra5 Kc6 51. Rxh5 Rb5 52. Rh8 Ra5 53. Rc8+ Kb5 54. Rc1 a2 55. Ra1 Kc4 56. Kg4 f5+ 57. exf5 Ra6 58. f6 gxf6 59. Kf5 Kb3 60. h5 Kb2 61. Rg1 a1=Q 62. Rxa1 Kxa1 63. Kg6 Kb2 64. h6 f5+ 65. Kg7 Ra7+ 66. Kg6 Kc3 67. Kxf5 Kd4 68. Kg6 Ra6+ 69. Kg7 Kd5 70. h7 Ra7+ 71. Kg8 Rxh7 72. Kxh7 Ke6 73. Kg6 Ke7 74. Kg7 Ke6 75. Kg6 Ke7 76. f5 Kf8 77. Kf6 Ke8 78. Kg7 1-0


[Site "https://www.chess.com"]

[Event "Titled Tuesday Blitz January 10 Late 2023"]
[White "Abrahamyan, Tatev"]
[Black "Miszler, Levente"]
[WhiteFideId "13301918"]
[BlackFideId "763276"]
[WhiteElo "2294"]
[BlackElo "2271"]
[Result "1-0"]
[Round "05"]
[TimeControl "180+2"]
[Date "2023.01.10"]
[WhiteClock "0:00:19"]
[BlackClock "0:00:08"]

1. e4 e6 2. d4 d5 3. Nc3 dxe4 4. Nxe4 Nf6 5. Nxf6+ gxf6 6. Ne2 f5 7. Ng3 c5 8. Be3 Bg7 9. c3 cxd4 10. cxd4 Nc6 11. Nh5 Bxd4 12. Bxd4 Qxd4 13. Qxd4 Nxd4 14. O-O-O Nc6 15. Bb5 Ke7 16. Rd2 Bd7 17. Re1 Rad8 18. Ng3 Kf6 19. Red1 Bc8 20. Bxc6 Rxd2 21. Rxd2 bxc6 22. f4 Rg8 23. Nf1 c5 24. Ne3 Bb7 25. g3 h5 26. Rd7 Be4 27. Nc4 Rg7 28. Ne5 h4 29. gxh4 a6 30. Kd2 Bd5 31. a3 Bb3 32. Kc3 Ba4 33. Rc7 Bb5 34. h5 Be2 35. h6 Rh7 36. Rxc5 Rxh6 37. Rc7 Bh5 38. Ra7 Bg6 39. Rxa6 Rh4 40. Nd3 Rxh2 41. b4 Bh5 42. Ra7 Be2 43. Ne5 Bh5 44. b5 1-0


[Site "https://www.chess.com"]

[Event "Titled Tuesday Blitz January 10 Late 2023"]
[White "Jakubowski, Krzysztof"]
[Black "Gutkin, Ilya"]
[WhiteFideId "1112848"]
[BlackFideId "16203470"]
[WhiteElo "2486"]
[BlackElo "2273"]
[Result "1-0"]
[Round "05"]
[TimeControl "180+2"]
[Date "2023.01.10"]
[WhiteClock "0:01:54"]
[BlackClock "0:00:17"]

1. c4 c5 2. Nf3 g6 3. d4 cxd4 4. Nxd4 Nc6 5. e4 Bg7 6. Be3 Nf6 7. Nc3 O-O 8. Be2 Nxd4 9. Bxd4 d6 10. O-O Bd7 11. Kh1 Bc6 12. f3 a5 13. Qd2 a4 14. Rab1 Nd7 15. Be3 Nc5 16. Rfc1 e6 17. Bf1 Be5 18. Ne2 f5 19. exf5 Rxf5 20. Bg1 Qh4 21. Qe1 Qg5 22. Ng3 Nd3 23. Bxd3 Rxf3 24. Be4 Rxg3 25. Bxc6 bxc6 26. hxg3 Bxg3 27. Qxe6+ Kg7 28. Bd4+ Kh6 29. Qh3+ Bh4 30. Be3 1-0


[Site "https://www.chess.com"]

[Event "Titled Tuesday Blitz January 10 Late 2023"]
[White "Melikhov, Evgeny V."]
[Black "Defend, Balint"]
[WhiteFideId "4122046"]
[BlackFideId "17004853"]
[WhiteElo "2269"]
[BlackElo "1673"]
[Result "0-1"]
[Round "05"]
[TimeControl "180+2"]
[Date "2023.01.10"]
[WhiteClock "0:00:06"]
[BlackClock "0:00:54"]

1. d4 Nf6 2. c4 e6 3. Nc3 Bb4 4. Qc2 d6 5. e4 Bxc3+ 6. bxc3 e5 7. Nf3 h6 8. dxe5 dxe5 9. Nxe5 O-O 10. Bd3 Re8 11. Nf3 Bf5 12. O-O Bxe4 13. Bxe4 Nxe4 14. Re1 Nf6 15. Ba3 Nc6 16. Rxe8+ Qxe8 17. Re1 Qd7 18. Bc5 Re8 19. Rxe8+ Qxe8 20. Bd4 Qe4 21. Qxe4 Nxe4 22. Kf1 b6 23. Ke2 Na5 24. Kd3 f5 25. Ne5 c5 26. Be3 Kf8 27. f3 Nd6 28. h4 Ke7 29. h5 Ke6 30. Bf4 Ne8 31. Ng6 Nf6 32. Bb8 Nc6 33. Nf4+ Kd7 34. Bc7 Kxc7 35. Ne6+ Kd6 36. Nxg7 Ke5 37. g3 f4 38. gxf4+ Kxf4 39. Ke2 Ke5 40. Ke3 Ng8 41. Ne8 Nge7 42. f4+ Ke6 43. Nc7+ Kf6 44. Nd5+ Nxd5+ 45. cxd5 Ne7 46. c4 Nf5+ 47. Ke4 Nd6+ 48. Kd3 Kf5 0-1


[Site "https://www.chess.com"]

[Event "Titled Tuesday Blitz January 10 Late 2023"]
[White "Gavilan Diaz, Mario"]
[Black "Gatterer, Florian"]
[WhiteFideId "2260905"]
[BlackFideId "811688"]
[WhiteElo "2271"]
[BlackElo "2170"]
[Result "1-0"]
[Round "05"]
[TimeControl "180+2"]
[Date "2023.01.10"]
[WhiteClock "0:00:10"]
[BlackClock "0:00:01"]

1. d4 d5 2. c4 c6 3. Nf3 Nf6 4. Nc3 dxc4 5. a4 Bf5 6. e3 e6 7. Bxc4 Bb4 8. O-O O-O 9. Qe2 Nbd7 10. e4 Bg4 11. e5 Nd5 12. Nxd5 cxd5 13. Bd3 Be7 14. Qe3 Bh5 15. Bd2 Rc8 16. a5 Bg6 17. a6 b6 18. Rfc1 Nb8 19. Rxc8 Qxc8 20. Rc1 Qd7 21. Bf1 Rc8 22. h4 Rxc1 23. Bxc1 Qc8 24. Qc3 Qxc3 25. bxc3 f6 26. exf6 gxf6 27. Bf4 Nc6 28. Bb5 Be8 29. g4 Kf7 30. g5 Na5 31. Bd3 Kg7 32. Kh2 Nc4 33. Bxc4 dxc4 34. Bb8 Bb5 35. Bxa7 Bxa6 36. Bxb6 fxg5 37. hxg5 h6 38. gxh6+ Kxh6 39. Kg3 Bb7 40. Bc7 Kg6 41. Ne5+ Kf5 42. Nxc4 Ke4 43. Na5 Ba6 44. Nc6 1-0


[Site "https://www.chess.com"]

[Event "Titled Tuesday Blitz January 10 Late 2023"]
[White "Winterberg, Lukas"]
[Black "Silva, Caio Henrique Angelico"]
[WhiteFideId "24622702"]
[BlackFideId "22777210"]
[WhiteElo "2402"]
[BlackElo "2129"]
[Result "1-0"]
[Round "05"]
[TimeControl "180+2"]
[Date "2023.01.10"]
[WhiteClock "0:00:06"]
[BlackClock "0:00:13"]

1. b3 d5 2. Bb2 Bf5 3. g3 e6 4. Bg2 Nf6 5. c4 c6 6. Nf3 Be7 7. O-O O-O 8. d4 h6 9. Nc3 a5 10. Re1 Bh7 11. Nd2 Nbd7 12. e4 dxe4 13. Ndxe4 Nxe4 14. Nxe4 Nf6 15. Nc3 Re8 16. Qd2 Qc7 17. Rad1 Rad8 18. h3 Bf8 19. Qc1 Qb8 20. Ba3 Qa7 21. Bxf8 Rxf8 22. Qe3 Rfe8 23. Rd2 Bg6 24. Red1 Kh7 25. g4 Rd7 26. Ne2 e5 27. d5 Qxe3 28. fxe3 c5 29. Nc3 b6 30. Kf2 Rb8 31. Kg3 Ne8 32. Be4 Nd6 33. Bxg6+ Kxg6 34. a4 f5 35. Rf2 Rf7 36. Rdf1 Rbf8 37. Rf3 Rf6 38. Kg2 Kg5 39. gxf5 Rxf5 40. Rg3+ Kh5 41. Rgf3 g5 42. Rxf5 Nxf5 43. Nd1 e4 44. Rf2 Nh4+ 45. Kg3 Nf3 46. Nc3 Re8 47. Nxe4 Rxe4 48. Rxf3 Kg6 49. Kf2 h5 50. Rf8 g4 51. hxg4 Rxg4 52. Rb8 Kf5 53. Rxb6 Ke4 54. Re6+ Kd3 55. d6 Kc3 56. d7 Rg7 57. d8=Q 1-0


[Site "https://www.chess.com"]

[Event "Titled Tuesday Blitz January 10 Late 2023"]
[White "Ladan, Nicholas"]
[Black "Muhammad, Shahzeb"]
[WhiteFideId "30918855"]
[BlackFideId "7804806"]
[WhiteElo "2228"]
[BlackElo "1853"]
[Result "1/2-1/2"]
[Round "05"]
[TimeControl "180+2"]
[Date "2023.01.10"]
[WhiteClock "0:00:05"]
[BlackClock "0:00:16"]

1. b4 e5 2. Bb2 d6 3. e4 Nf6 4. d3 g6 5. g3 Bg7 6. Bg2 O-O 7. Ne2 a5 8. b5 Nbd7 9. a4 Nc5 10. O-O c6 11. Nd2 Bd7 12. d4 exd4 13. Nxd4 Re8 14. Re1 cxb5 15. Nxb5 Bxb5 16. axb5 Qb6 17. Qf3 Nfd7 18. Bxg7 Kxg7 19. Nc4 Qc7 20. Qc3+ Nf6 21. Rxa5 Nxe4 22. Rxe4 Rxe4 23. Bxe4 Rxa5 24. b6 Qc5 25. Qxa5 Nxe4 26. Qxc5 Nxc5 27. Nxd6 Nd7 28. Nxb7 Nxb6 29. f4 Kf6 30. Kf2 Kf5 31. Kf3 h5 32. Nd6+ Ke6 33. Ne4 Kd5 34. Ng5 f6 35. Ne4 Nd7 36. Ke3 Kc4 37. Kd2 Kd4 38. Nd6 g5 39. c3+ Kd5 40. Ne8 gxf4 41. gxf4 Ke4 42. Ng7 h4 43. Nh5 Kf5 44. Ng7+ Kxf4 45. Ke2 h3 46. Kf2 Ne5 47. Ne6+ Ke4 48. Kg3 f5 49. Kxh3 f4 50. Kg2 f3+ 51. Kg3 Ke3 52. Nf4 f2 53. Ng2+ Ke2 54. Nf4+ Ke1 55. Ng2+ Ke2 56. Nf4+ Ke1 57. Ng2+ Ke2 1/2-1/2


[Site "https://www.chess.com"]

[Event "Titled Tuesday Blitz January 10 Late 2023"]
[White "Gardezi, Arsal"]
[Black "Womacka, Mathias"]
[WhiteFideId "30949521"]
[BlackFideId "4611390"]
[WhiteElo "2093"]
[BlackElo "2396"]
[Result "1-0"]
[Round "05"]
[TimeControl "180+2"]
[Date "2023.01.10"]
[WhiteClock "0:00:10"]
[BlackClock "0:00:21"]

1. e4 c5 2. Nf3 d6 3. c3 Nf6 4. d4 Nxe4 5. Bd3 Nf6 6. O-O e6 7. Re1 Be7 8. Nbd2 cxd4 9. cxd4 O-O 10. Ne4 Nc6 11. Bd2 Bd7 12. Bf4 Nxe4 13. Bxe4 d5 14. Bd3 Bf6 15. a3 Qb6 16. Ne5 Rfd8 17. Bxh7+ Kf8 18. Qh5 Be8 19. Ng4 Bxd4 20. Bf5 g6 21. Qh6+ Bg7 22. Qh7 gxf5 23. Nh6 Qxb2 24. Rab1 Qc3 25. Rec1 Qf6 26. Rxb7 Rd7 27. Bd6+ Rxd6 28. Qg8# 1-0


[Site "https://www.chess.com"]

[Event "Titled Tuesday Blitz January 10 Late 2023"]
[White "Urbina Perez, Juan Antonio"]
[Black "Zampronha, Wladimir Camilo"]
[WhiteFideId "2217368"]
[BlackFideId "2103087"]
[WhiteElo "2266"]
[BlackElo "2176"]
[Result "1-0"]
[Round "05"]
[TimeControl "180+2"]
[Date "2023.01.10"]
[WhiteClock "0:00:47"]
[BlackClock "0:00:12"]

1. d4 Nf6 2. Nf3 e6 3. c4 d5 4. g3 Be7 5. Bg2 O-O 6. O-O dxc4 7. Ne5 Nc6 8. Nxc6 bxc6 9. Qc2 Qxd4 10. Rd1 Qb6 11. Be3 Bc5 12. Bxc5 Qxc5 13. Na3 Ba6 14. Rac1 Rfd8 15. Re1 Rab8 16. Nb1 Nd5 17. Nc3 Nxc3 18. Qxc3 Qb4 19. Qxb4 Rxb4 20. Rc2 Rdb8 21. Rb1 R8b6 22. Kf1 Kf8 23. Ke1 Ke7 24. Kd2 Kd6 25. Kc3 Kc5 26. Rd2 Ra4 27. Ra1 Rab4 28. Rad1 Ra4 29. Ra1 Rab4 30. e3 g5 31. h4 h6 32. hxg5 hxg5 33. g4 e5 34. Be4 Bc8 35. Rad1 Be6 36. Rh1 Ra4 37. Bb1 Rab4 38. Rh5 f6 39. f3 e4 40. fxe4 Bxg4 41. Rh6 Bf3 42. Rxf6 Bg4 43. Rg6 Bc8 44. Rxg5+ 1-0


[Site "https://www.chess.com"]

[Event "Titled Tuesday Blitz January 10 Late 2023"]
[White "Jodorcovsky Werjivker, Paulo"]
[Black "Ansh M Shah"]
[WhiteFideId "3700305"]
[BlackFideId "25033379"]
[WhiteElo "2182"]
[BlackElo "2171"]
[Result "0-1"]
[Round "05"]
[TimeControl "180+2"]
[Date "2023.01.10"]
[WhiteClock "0:00:07"]
[BlackClock "0:00:27"]

1. e4 c6 2. d4 d5 3. exd5 cxd5 4. Bd3 Nc6 5. c3 Qc7 6. h3 Nf6 7. Ne2 e5 8. dxe5 Nxe5 9. Bb5+ Bd7 10. Bxd7+ Qxd7 11. Bf4 Bd6 12. O-O O-O 13. Nd2 Rad8 14. Nd4 Rfe8 15. Bg3 Ne4 16. Bxe5 Bxe5 17. N2f3 Bf6 18. Re1 g6 19. Qb3 a6 20. Rad1 Qc7 21. Nc2 Qc5 22. Ne3 Ng5 23. Nd4 Kg7 24. Kf1 Ne6 25. Nf3 d4 26. cxd4 Nxd4 27. Nxd4 Bxd4 28. Ng4 h5 29. Ne3 Bxe3 30. Rxd8 Rxd8 31. Qxe3 Qc4+ 32. Qe2 Qxa2 33. Qe5+ Kg8 34. Qc7 Qd5 35. g3 Qh1+ 36. Ke2 Re8+ 37. Kd3 Qxe1 0-1


[Site "https://www.chess.com"]

[Event "Titled Tuesday Blitz January 10 Late 2023"]
[White "ritanovikova"]
[Black "Pasti, Aron"]
[BlackFideId "785857"]
[WhiteElo "2115"]
[BlackElo "2361"]
[Result "0-1"]
[Round "05"]
[TimeControl "180+2"]
[Date "2023.01.10"]
[WhiteClock "0:00:04"]
[BlackClock "0:01:02"]

1. d4 Nf6 2. Bf4 d6 3. Nf3 g6 4. e3 Bg7 5. h3 O-O 6. Be2 Nbd7 7. O-O c5 8. c3 b6 9. Nbd2 Bb7 10. Qc2 Re8 11. Bc4 e5 12. dxe5 dxe5 13. Ng5 Re7 14. Bg3 Nf8 15. Bh4 Qe8 16. Nge4 Qc6 17. Bxf6 Bxf6 18. Nxf6+ Qxf6 19. e4 Ne6 20. Bxe6 Qxe6 21. Rfe1 Rd8 22. Nf3 Red7 23. Rad1 f6 24. Rxd7 Qxd7 25. Qc1 Kg7 26. Qe3 Qa4 27. a3 Qc2 28. Re2 Qb1+ 29. Kh2 Rd1 30. Kg3 Rd3 31. Re1 Rxe3 32. Rxb1 Bxe4 33. Rd1 Rd3 34. Re1 Bxf3 35. gxf3 Rd2 36. b4 Rd3 37. bxc5 bxc5 38. Rb1 Rxc3 39. Rb7+ Kh6 40. Rxa7 e4 41. a4 Rxf3+ 42. Kg2 Ra3 43. a5 f5 44. a6 c4 45. Ra8 c3 46. a7 c2 47. Rc8 Rxa7 48. Rxc2 Kg5 49. Rc3 h5 50. Rg3+ Kf6 51. h4 f4 52. Rb3 Ra2 53. Kf1 Kf5 54. Rb6 Ra1+ 55. Ke2 f3+ 56. Ke3 Re1+ 57. Kd4 Re2 58. Rb5+ Kf4 59. Rg5 Rd2+ 60. Kc3 Rxf2 61. Rxg6 Rh2 62. Kd4 Rd2+ 63. Kc3 Rd5 64. Rg1 f2 65. Rg5 Rxg5 0-1


[Site "https://www.chess.com"]

[Event "Titled Tuesday Blitz January 10 Late 2023"]
[White "Shapiro, Bryan"]
[Black "Andrews, Todd"]
[WhiteFideId "2087740"]
[BlackFideId "2012456"]
[WhiteElo "1972"]
[BlackElo "2220"]
[Result "0-1"]
[Round "05"]
[TimeControl "180+2"]
[Date "2023.01.10"]
[WhiteClock "0:00:13"]
[BlackClock "0:00:44"]

1. d4 Nf6 2. c4 c5 3. d5 b5 4. Qc2 e6 5. e4 bxc4 6. Nc3 exd5 7. exd5 d6 8. Bxc4 Be7 9. Nf3 O-O 10. O-O Nbd7 11. Bf4 Nb6 12. Nd2 Bb7 13. Rad1 Nbxd5 14. Nxd5 Nxd5 15. Bxd5 Bxd5 16. Nc4 Bxc4 17. Qxc4 Rb8 18. Qa6 Qb6 19. Qxb6 Rxb6 20. b3 f5 21. h3 g5 22. Bh2 f4 23. Rd5 Kf7 24. Rfd1 Ke6 25. g3 Rf5 26. R5d3 Bf6 27. g4 Re5 28. f3 Re2 29. R3d2 Bd4+ 30. Kh1 Rxd2 31. Rxd2 a5 32. Bg1 Rb4 33. Bxd4 Rxd4 34. Re2+ Kd7 35. Kg2 a4 36. Kf2 a3 37. Rc2 Rd1 38. Ke2 Rh1 39. Kd3 Rxh3 40. Ke4 Rh1 41. Kf5 h6 42. Kg6 Kc6 43. Rd2 d5 44. Re2 d4 45. Rc2 Kd5 46. Kf5 d3 47. Rd2 Kd4 48. Kg6 Ke3 49. Rg2 d2 0-1


[Site "https://www.chess.com"]

[Event "Titled Tuesday Blitz January 10 Late 2023"]
[White "Vaglio Munoz, Jaime"]
[Black "Taboas Rodriguez, Daniel"]
[WhiteFideId "6500145"]
[BlackFideId "2208466"]
[WhiteElo "2174"]
[BlackElo "2371"]
[Result "0-1"]
[Round "05"]
[TimeControl "180+2"]
[Date "2023.01.10"]
[WhiteClock "0:00:18"]
[BlackClock "0:00:06"]

1. d4 Nf6 2. c4 g6 3. g4 Bg7 4. g5 Nh5 5. e4 h6 6. gxh6 Bxh6 7. Bxh6 Rxh6 8. Qd2 Rh8 9. Nc3 d6 10. O-O-O Nc6 11. Be2 e6 12. f4 Qh4 13. d5 Ne7 14. Rf1 Bd7 15. Bxh5 Qxh5 16. Nge2 O-O-O 17. Kb1 Rh7 18. h4 Rdh8 19. Qe3 Kb8 20. Ng3 Qg4 21. e5 dxe5 22. dxe6 Bxe6 23. fxe5 Bxc4 24. Rf4 Qe6 25. b3 Nd5 26. Nxd5 Bxd5 27. Rh2 g5 28. Rf6 Qg4 29. h5 b6 30. Rd2 Be6 31. Rd4 Qh3 32. Kb2 Qg2+ 33. Ka3 g4 34. Rf1 Qc6 35. Rc1 Qb5 36. Qc3 Qa5+ 37. Qxa5 bxa5 38. Rc5 Rg8 39. Rb5+ Ka8 40. Rxa5 Rhg7 41. Rc5 Kb7 42. Rb4+ Kc8 43. Ra4 Kb7 44. Rb5+ Kc6 45. Rba5 Rg5 46. Rxa7 Rxe5 47. R4a6+ Kd7 48. Ra5 Re3 49. Nf1 Rc3 50. h6 Rh8 51. Rh5 f5 52. Nd2 Rd3 53. Nb1 f4 54. Raa5 g3 55. Rhg5 Rxh6 56. Rg7+ Kd6 57. Ra6+ c6 58. Kb4 Bd5 59. Nc3 Rxc3 60. Kxc3 g2 61. Kd4 f3 62. Ke3 Re6+ 63. Kd2 Re2+ 64. Kd3 Re1 65. Rg6+ Ke5 66. Rg5+ Kf4 67. Rxd5 cxd5 68. Rf6+ Kg5 69. Rf8 g1=Q 70. Rg8+ Kf4 71. Rf8+ Ke5 72. Re8+ Kd6 73. Rxe1 Qxe1 74. Kc2 f2 75. Kb2 f1=Q 76. Ka3 Qc1+ 77. Ka4 Qa6+ 78. Kb4 Qc5# 0-1


[Site "https://www.chess.com"]

[Event "Titled Tuesday Blitz January 10 Late 2023"]
[White "Filgueira, Hernan"]
[Black "Cueto, Jonny"]
[WhiteFideId "101770"]
[BlackFideId "3300145"]
[WhiteElo "2283"]
[BlackElo "2122"]
[Result "1-0"]
[Round "05"]
[TimeControl "180+2"]
[Date "2023.01.10"]
[WhiteClock "0:01:38"]
[BlackClock "0:00:06"]

1. b3 e5 2. Bb2 d6 3. e3 f5 4. d4 e4 5. d5 Nf6 6. c4 Be7 7. Nh3 a5 8. Nc3 Na6 9. Nf4 Nc5 10. Be2 O-O 11. O-O Kh8 12. f3 exf3 13. Bxf3 Bd7 14. Qc2 Qe8 15. Rae1 Qf7 16. Nb5 Bxb5 17. cxb5 Nce4 18. Ne6 Rfc8 19. Bxe4 Nxe4 20. Nxg7 Bf6 21. Nxf5 Bxb2 22. Qxb2+ Qf6 23. Qc2 Re8 24. Ng3 Qg5 25. Nxe4 Qg6 26. Qc3+ Kg8 27. Nf6+ Kg7 28. Nxe8+ 1-0


[Site "https://www.chess.com"]

[Event "Titled Tuesday Blitz January 10 Late 2023"]
[White "Corredor Castellanos, Camilo"]
[Black "O`Gorman, Tom"]
[WhiteFideId "4425871"]
[BlackFideId "2508249"]
[WhiteElo "1957"]
[BlackElo "2355"]
[Result "0-1"]
[Round "05"]
[TimeControl "180+2"]
[Date "2023.01.10"]
[WhiteClock "0:01:30"]
[BlackClock "0:01:59"]

1. d4 Nf6 2. c4 e6 3. Nf3 b6 4. g3 Bb7 5. Bg2 Bb4+ 6. Bd2 Bxd2+ 7. Nbxd2 O-O 8. O-O c5 9. e3 cxd4 10. exd4 d6 11. Re1 Nbd7 12. Rc1 Rc8 13. Qa4 a6 14. Ng5 Bxg2 15. Kxg2 h6 16. Nge4 Nxe4 17. Nxe4 Nb8 18. c5 bxc5 19. dxc5 dxc5 20. Red1 Qb6 21. b3 Rfd8 22. Rxd8+ Qxd8 23. Rxc5 Rxc5 24. Nxc5 Qd5+ 25. Ne4 f5 26. Qe8+ Kh7 27. Qxb8 Qxe4+ 28. Kh3 Qe2 29. Qb5 axb5 0-1


[Site "https://www.chess.com"]

[Event "Titled Tuesday Blitz January 10 Late 2023"]
[White "Petukhov, Dmitry"]
[Black "Zanette, Edgard Vinicius"]
[WhiteFideId "4142748"]
[BlackFideId "2109263"]
[WhiteElo "2350"]
[BlackElo "2085"]
[Result "1-0"]
[Round "05"]
[TimeControl "180+2"]
[Date "2023.01.10"]
[WhiteClock "0:02:21"]
[BlackClock "0:00:10"]

1. e4 c5 2. c3 d5 3. exd5 Qxd5 4. d4 Nc6 5. Nf3 Bg4 6. Be2 cxd4 7. cxd4 e6 8. O-O Nf6 9. h3 Bh5 10. Nc3 Qa5 11. Be3 Be7 12. Qb3 Qb4 13. g4 Qxb3 14. axb3 Bg6 15. Ne5 O-O 16. Bf3 Nd8 17. g5 Nh5 18. d5 exd5 19. Nxd5 Bd6 20. Nc4 Bb8 21. Rfe1 Ne6 22. Ne7+ Kh8 23. Bxb7 Bc7 24. Nxg6+ fxg6 25. Bxa8 Rxa8 26. Rxa7 Rxa7 27. Bxa7 Nef4 28. Re8# 1-0


[Site "https://www.chess.com"]